 Dungeon Crawl Stone Soup version 0.29-a0-392-g297d3b089c (webtiles) character file.

Game seed: 12885806192020114260

2084 holysushi the Grave Robber (level 9, -6/61 HPs)
             Began as a Mummy Necromancer on May 8, 2022.
             Was a Believer of Sif Muna.
             Mangled by a lemure (7 damage)
             ... led by Pikel
             ... on level 7 of the Dungeon.
             The game lasted 00:17:47 (10784 turns).

holysushi the Grave Robber (Mummy Necromancer)     Turns: 10784, Time: 00:17:47

Health: -6/61      AC:  7    Str: 11    XL:     9   Next: 6%
Magic:  19/19      EV: 15    Int: 15    God:    Sif Muna [**....]
Gold:   262        SH:  0    Dex: 16    Spells: 8/22 levels left

rFire   x . .      SeeInvis .   i - +4 mace "Mummy's Peril" {pain, rCorr}
rCold   + . .      Faith    .   (no shield)
rNeg    + + +      Spirit   .   a - +0 robe
rPois   ∞          Reflect  .   (no helmet)
rElec   .          Harm     .   f - +2 cloak
rCorr   +          Rampage  .   e - +0 pair of gloves
Will    +....                   h - +0 pair of boots
Stlth   ++........              (no amulet)
HPRegen 0.20/turn               (no ring)
MPRegen 0.16/turn               (no ring)

@: no status effects
A: cold resistance 1, negative energy resistance 3, torment resistance 2, heat
vulnerability 1, in touch with death 1, no potions
a: Renounce Religion, Channel Magic


You were on level 7 of the Dungeon.
You worshipped Sif Muna.
Sif Muna was pleased with you.
You visited 1 branch of the dungeon, and saw 8 of its levels.
You also visited: Ossuary.

You collected 472 gold pieces.
You spent 210 gold pieces at shops.

Inventory:

Hand Weapons
 i - the +4 mace "Mummy's Peril" (weapon) {pain, rCorr}
   (You found it on level 3 of the Dungeon)

   In the hands of one skilled in necromantic magic, it inflicts extra damage on
   living creatures.
   rCorr:     It protects you from acid and corrosion.
Armour
 a - a +0 robe (worn)
 e - a +0 pair of gloves (worn)
 f - a +2 cloak (worn)
 h - a +0 pair of boots (worn)
 m - a +0 helmet
Jewellery
 p - an amulet of regeneration
Wands
 k - a wand of flame (45)
 q - a wand of iceblast (11)
Scrolls
 b - 7 scrolls of teleportation
 c - 2 scrolls of blinking
 d - a scroll of identify
 g - a scroll of fog
 j - a scroll of enchant weapon
 l - a scroll of amnesia
 n - a scroll of silence
 o - a scroll of vulnerability
 r - a scroll of brand weapon
 s - a scroll of torment


   Skills:
 + Level 2.2 Fighting
 + Level 6.9 Dodging
 - Level 1.5 Stealth
 - Level 7.0 Spellcasting
 + Level 7.0 Necromancy
 - Level 2.0 Evocations


You had 8 spell levels left.
You knew the following spells:

 Your Spells              Type           Power      Damage    Failure   Level
a - Pain                  Necr           100%       1d9       1%          1
b - Animate Skeleton      Necr           78%        N/A       1%          1
c - Vampiric Draining     Necr           39%        2d8       2%          3
d - Animate Dead          Necr           19%        N/A       7%          4
e - Agony                 Necr           39%        N/A       21%         5

Your spell library contained the following spells:

 Spells                   Type           Power      Damage    Failure   Level
 Conjure Flame            Conj/Fire      5%         6-21      36%         3
 Ignite Poison            Fire/Tmut/Pois 5%         N/A       36%         3
 Inner Flame              Hex/Fire       5%         N/A       36%         3
 Cause Fear               Hex            2%         N/A       78%         4
 Hailstorm                Conj/Ice       5%         3d4       78%         4
 Sticky Flame             Conj/Fire      5%         2d3       78%         4
 Simulacrum               Ice/Necr       11%        N/A       99%         6
 Discord                  Hex            2%         N/A       100%        8
 Ice Form                 Ice/Tmut       Unusable   N/A       N/A         4

Dungeon Overview and Level Annotations

Branches:
Dungeon (8/15)             Temple (0/1) D:4         Ossuary (visited)
   Lair: D:8-11

Altars:
Gozag
Sif Muna
Vehumet

Shops:
D:3 *

Annotations:
D:8 Pikel


Innate Abilities, Weirdness & Mutations

You are immune to poison.
Your flesh is cold resistant. (rC+)
You are immune to negative energy. (rN+++)
You are immune to unholy pain and torment.
You are vulnerable to heat. (rF-)
You are in touch with the powers of death.
You do not drink.


Message History

Okay, then.
You sock the lemure!
The lemure is severely wounded.
The lemure closely misses you.
You completely miss the lemure.
The lemure is severely wounded.
The lemure barely misses you. The lemure hits you.
* * * LOW HITPOINT WARNING * * *
You closely miss the lemure.
The lemure is severely wounded.
The lemure hits you.
* * * LOW HITPOINT WARNING * * *
You hit the lemure.
The lemure is almost dead.
The lemure misses you.
You hit the lemure but do no damage.
The lemure is almost dead.
The lemure barely misses you. The lemure hits you.
* * * LOW HITPOINT WARNING * * *
You hit the lemure.
The lemure is almost dead.
The lemure closely misses you.
You closely miss the lemure.
The lemure is almost dead.
The lemure hits you.
* * * LOW HITPOINT WARNING * * *
The lemure hits you but does no damage.
You hit the lemure.
The lemure is almost dead.
The lemure hits you.
* * * LOW HITPOINT WARNING * * *
You barely miss the lemure.
The lemure is almost dead.
The lemure hits you but does no damage.
You closely miss the lemure.
The lemure is almost dead.
The lemure hits you.
* * * LOW HITPOINT WARNING * * *
The lemure hits you!
You die...

##.##...................
##.......................
#......................##
##....................##.
##.................###..
##...(.......!.##...#..
#...............#......
#.....5.....##.###.....
##....@.....##..##.....
#......##...#..##.....
##......##.###...)....
#..........##........#
##....................
#..........#..........
#.........###..##...<.
#..#......# #..#...##.
##.#......###..#..##..


You could see a lemure.

Vanquished Creatures
  2 water moccasins
  2 black bears
  2 ice beasts
  A centaur (D:7)
  A lemure (D:8)
  A phantom (D:5)
  A kobold brigand (D:6)
  A bullfrog (D:7)
  4 scorpions
  4 wights
  A centaur zombie (Ossuary)
  4 hounds
  3 human zombies (Ossuary)
  2 orc priests (D:5)
  A jelly (D:4)
  An orc wizard (D:5)
  2 iguanas (D:4)
  2 hound zombies (Ossuary)
  3 mummies (Ossuary)
  4 gnolls (D:5)
  11 adders
  A white imp (D:6)
  5 adder zombies (Ossuary)
  2 dart slugs
  17 orcs
  9 endoplasms
  6 giant cockroaches
  8 goblins
  7 hobgoblins
  10 jackals
  3 quokkas
  9 ball pythons
  9 bats
  3 frilled lizards
  2 gnoll zombies (Ossuary)
  7 goblin zombies (Ossuary)
  5 hobgoblin zombies (Ossuary)
  12 kobolds
  5 kobold zombies (Ossuary)
  An orc zombie (Ossuary)
  4 quokka zombies (Ossuary)
  5 rats
  A rat zombie (Ossuary)
184 creatures vanquished.

Vanquished Creatures (others)
  6 fungi (D:4)
6 creatures vanquished.

Grand Total: 190 creatures vanquished

Notes
Turn   | Place    | Note
-------+----------+-------------------------------------------
     0 | D:1      | holysushi the Mummy Necromancer began the quest for the
                  | Orb.
     0 | D:1      | Reached XP level 1. HP: 13/13 MP: 4/4
   194 | D:1      | Reached XP level 2. HP: 19/19 MP: 0/6
  1280 | D:2      | Gained mutation: You are in touch with the powers of death.
                  | [Mummy growth]
  1280 | D:2      | Reached XP level 3. HP: 24/24 MP: 3/7
  1629 | D:2      | Reached skill level 5 in Necromancy
  1743 | D:2      | Found a faded altar of an unknown god.
  2067 | D:3      | Reached XP level 4. HP: 27/30 MP: 4/9
  2258 | D:3      | Identified the +4 mace "Mummy's Peril" {pain, rCorr}
  2303 | D:3      | Found Xouwiolerr's Assorted Antiques.
  2311 | D:3      | Bought a scroll labelled MITIAR ZISOM for 21 gold pieces
  2311 | D:3      | Bought a scroll labelled MITIAR ZISOM for 21 gold pieces
  2311 | D:3      | Bought a brass wand for 84 gold pieces
  2631 | D:3      | Learned a level 1 spell: Animate Skeleton
  2635 | D:3      | Learned a level 3 spell: Vampiric Draining
  2640 | D:3      | Learned a level 4 spell: Animate Dead
  3416 | D:4      | Noticed an orc warrior
  3477 | D:4      | Noticed a scorpion
  3532 | D:4      | Reached XP level 5. HP: 35/35 MP: 5/11
  3556 | D:4      | Found a sand-covered staircase.
  3563 | Ossuary  | Entered an ossuary
  3749 | Ossuary  | HP: 1/35 [human zombie (5)]
  3751 | Ossuary  | Reached skill level 1 in Evocations
  4360 | Ossuary  | Reached XP level 6. HP: 37/41 MP: 12/12
  4780 | D:4      | Found a shimmering blue altar of Sif Muna.
  4793 | D:4      | Became a worshipper of Sif Muna the Loreminder
  4863 | D:4      | Reached skill level 5 in Spellcasting
  5098 | D:4      | Found a staircase to the Ecumenical Temple.
  5333 | D:4      | Reached XP level 7. HP: 46/46 MP: 6/14
  5584 | D:3      | Bought a jewelled bronze wand for 84 gold pieces
  5613 | D:5      | Entered Level 5 of the Dungeon
  5739 | D:4      | Learned a level 5 spell: Agony
  5742 | D:5      | Reached * piety under Sif Muna
  5953 | D:5      | Found an opulent altar of Gozag.
  6381 | D:5      | Identified the +1 hunting sling of the Insatiable Runes
                  | {speed, rC+}
  6391 | D:5      | Reached XP level 8. HP: 52/52 MP: 8/18
  7058 | D:6      | Reached skill level 1 in Fighting
  7440 | D:6      | Found a radiant altar of Vehumet.
  7483 | D:6      | Reached skill level 5 in Dodging
  7488 | D:6      | Reached ** piety under Sif Muna
 10558 | D:8      | Reached XP level 9. HP: 50/61 MP: 9/19
 10707 | D:8      | Noticed Pikel
 10784 | D:7      | HP: 1/61 [lemure[Pikel] (4)]
 10784 | D:7      | Mangled by a lemure

Illustrated notes

Levels and vault maps discovered:
D:1:      ncdulo_lavacross, layout_loops_ring
D:2:      layout_basic, shapermc_ecumenical_altar_notcrosses, minmay_octomino_j4
D:3:      cheibrodos_helix_gallery, layout_basic, serial_shops, shop,
          minmay_hedge_maze
D:4:      layout_basic, mainiacjoe_overflow_boulevard,
          minmay_temple_entry_drinking_statues, chequers_ossuary_entry_cave
D:5:      layout_cave_pools, mainiacjoe_overflow_alcove_1
D:6:      layout_layer_cave, nicolae_overflow_crystal_walls,
          kennysheep_generic_room_7
D:7:      layout_cave_pools
D:8:      layout_basic, enter_bailey_5, minivault_14, uniq_maggie,
          uniq_gastronok, uniq_pikel, uniq_prince_ribbit1

Skill      XL: |  1  2  3  4  5  6  7  8 |
---------------+-------------------------+-----
Spellcasting   | 3 4 5 6 7 |  7.0
Necromancy     | 5 6 7 |  7.0
Evocations     | 1 2 |  2.0
Dodging        | 2 3 6 |  6.9
Fighting       | 2 |  2.2
Stealth        | |  1.5

Action                   |  1- 3 |  4- 6 |  7- 9 || total
-------------------------+-------+-------+-------++-------
Melee: Unarmed           |    19 |       |       ||    19
       Mace              |       |   184 |   152 ||   336
       Punch             |       |     2 |     1 ||     3
 Cast: Pain              |    72 |    59 |    81 ||   212
       Animate Skeleton  |       |     3 |       ||     3
       Vampiric Draining |       |     4 |    26 ||    30
       Animate Dead      |       |     2 |     3 ||     5
       Agony             |       |       |     1 ||     1
Evoke: Wand              |       |    12 |     4 ||    16
  Use: Scroll            |     2 |     4 |     8 ||    14
Armor: Robe              |    15 |   130 |    89 ||   234
Dodge: Dodged            |    25 |   188 |   205 ||   418

Table legend: (Time is in decaauts)
 A = Elapsed time spent in this place.
 B = Non-inter-level travel time spent in this place.
 C = Inter-level travel time spent in this place.
 D = Time resting spent in this place.
 E = Time spent auto-exploring this place.
 F = Levels seen in this place.
 G = Mean time per level.
                   A        B        C        D        E       F      G
               +--------+--------+--------+--------+--------+-----+--------+
         Total |  10939 |  10489 |    450 |   4125 |   4121 |   9 | 1215.4 |
       Dungeon |   9781 |   9331 |    450 |   3475 |   4037 |   8 | 1222.6 |
       Ossuary |   1157 |   1157 |      0 |    650 |     84 |   1 | 1157.0 |
               +--------+--------+--------+--------+--------+-----+--------+

Top non-repeatable levels by time:
     D:6: 2713 daAuts
     D:3: 1911 daAuts
     D:1: 1261 daAuts
 Ossuary: 1157 daAuts
     D:4: 1031 daAuts
     D:5: 926 daAuts
     D:7: 870 daAuts
     D:2: 798 daAuts
     D:8: 269 daAuts
